 Dungeon Crawl Stone Soup version 0.18-a0-1203-gbde16db (webtiles) character file.

223 krabocopter the Magician (level 5, 0/42 HPs)
             Began as a Draconian Transmuter on Jan 31, 2016.
             Succumbed to a gnoll's poison
             ... on level 4 of the Dungeon.
             The game lasted 00:08:32 (3285 turns).

krabocopter the Magician (Draconian Transmuter)     Turns: 3285, Time: 00:08:33

Health: 0/42       AC:  5    Str: 12    XL:     5   Next: 66%
Magic:  10/10      EV: 12    Int: 13    God:
Gold:   157        SH:  0    Dex: 13    Spells: 1 memorised, 10 levels left

rFire  . . .     SeeInvis .     m - +2 war axe (flame)
rCold  . . .     Gourm    .     (armour unavailable)
rNeg   . . .     Faith    .     (no shield)
rPois  .         Spirit   .     (helmet restricted)
rElec  .         Dismiss  .     (no cloak)
rCorr  .         Reflect  .     (no gloves)
SustAt .         Harm     .     (boots currently unavailable)
MR     .....                    (no amulet)
Stlth  +.........               (no ring)
                                q - +1 ring of slaying

@: lethally poisoned (0 -> -8), appendage, not resistant to hostile
enchantments, very unstealthy
A: unfitting armour, talons 3, cold-blooded, AC +5
a: End Transformation


You were on level 4 of the Dungeon.
You were not hungry.
You had grown temporary talons.
You visited 1 branch of the dungeon, and saw 4 of its levels.

You collected 157 gold pieces.

Inventory:

Hand Weapons
 m - a +2 war axe of flaming (weapon)
 n - a +2 short sword of freezing
Missiles
 a - 20 arrows
Jewellery
 q - a +1 ring of slaying (left hand)
Scrolls
 d - 3 scrolls of identify {unknown}
 e - a scroll of blinking {unknown}
 l - a scroll of remove curse {unknown}
 o - a scroll of immolation {unknown}
Potions
 f - 2 potions of heal wounds {unknown}
 h - a potion of brilliance {unknown}
 j - a potion of resistance {unknown}
 k - a potion of magic {unknown}
 p - a potion of curing {unknown}
Books
 b - a book of Changes

   Spells                             Type                      Level
   a - Beastly Appendage              Transmutation                1
   b - Sticks to Snakes               Transmutation                2
   c - Spider Form                    Transmutation/Poison         3
   d - Ice Form                       Ice/Transmutation            4
   e - Blade Hands                    Transmutation                5
Comestibles
 c - a bread ration
 g - 4 chunks of flesh
 i - a meat ration


   Skills:
 + Level 2.4 Fighting
 + Level 2.5 Dodging
 - Level 3.0 Unarmed Combat
 - Level 3.8 Spellcasting
 - Level 3.7 Transmutations


You had 10 spell levels left.
You knew the following spells:

 Your Spells              Type           Power        Failure   Level  Hunger
a - Beastly Appendage     Trmt           ##....       6%          1    #......


Dungeon Overview and Level Annotations

Branches:
Dungeon (4/15)
 Temple: D:4-7

Altars:
Zin


Innate Abilities, Weirdness & Mutations

Your plain brown scales are hard (AC +5).
Your body does not fit into most forms of armour.
You are cold-blooded and may be slowed by cold attacks.
You have claws for feet.


Message History

The gnoll hits you from afar with a spear!
* * * LOW HITPOINT WARNING * * *
The gnoll completely misses you. The gnoll closely misses you.
Things that are here:
a spear; a gnoll corpse The gnoll hits you with a spear.
* * * LOW HITPOINT WARNING * * *
The gnoll hits you with a halberd of venom!
* * * LOW HITPOINT WARNING * * *
You are lethally poisoned!
Found a meat ration.
You slash the gnoll! You burn the gnoll.
You kill the gnoll!
You hit the gnoll. You burn the gnoll.
The gnoll is heavily wounded.
* * * LOW HITPOINT WARNING * * *
You feel sick. The gnoll barely misses you. The gnoll misses you.
You hit the gnoll. You burn the gnoll.
You kill the gnoll!
You die...

................#
................#
................#
..##+###........#
. #........#
#........#
######'###
#.......#
#..)@).##
......)...#
...........#
...........#
%..........#
.###..###### #..
...


There were no monsters in sight!

Vanquished Creatures
  A hound (D:4)
  A hound skeleton (D:4)
  4 gnolls
  6 adders
  2 oozes
  2 worms (D:2)
  3 giant geckos
  8 bats
  6 giant cockroaches
  7 goblins
  5 hobgoblins
  3 jackals (D:1)
  6 kobolds
  2 quokkas (D:2)
  3 ball pythons
  5 giant newts
  8 rats
72 creatures vanquished.

Notes
Turn   | Place    | Note
--------------------------------------------------------------
     0 | D:1      | krabocopter the Draconian Transmuter began the quest for the Orb.
     0 | D:1      | Reached XP level 1. HP: 16/16 MP: 3/3
   138 | D:1      | Reached XP level 2. HP: 12/23 MP: 5/5
   778 | D:1      | Reached XP level 3. HP: 20/28 MP: 7/7
  1701 | D:2      | Reached XP level 4. HP: 25/35 MP: 9/9
  1977 | D:2      | Found a faded altar to an unknown god.
  2826 | D:3      | Reached XP level 5. HP: 28/40 MP: 10/10
  3112 | D:3      | Found a glowing silver altar of Zin.
  3284 | D:4      | HP: 1/42 [poisoned by a gnoll]
  3285 | D:4      | Succumbed to a gnoll's poison

Vault maps used:
D:1:      kilobyte_arrival_exit_the_forest
D:2:      ecumenical_altar_2
D:3:      zin_scriptorium
D:4:      uniq_eustachio

Action                   |  1- 3 |  4- 6 || total
-------------------------+-------+-------++-------
Melee: Unarmed           |   148 |   131 ||   279
       War axe           |       |    27 ||    27
 Cast: Beastly Appendage |     4 |     5 ||     9
 Stab: Sleeping          |     1 |     1 ||     2
  Eat: Chunk             |     3 |     5 ||     8
